[Event "Czech Youth U14 Girls 2024"]
[Site "Kouty nad Desnou"]
[Date "2024.03.10"]
[Round "2.10"]
[White "Myronova, Sofia"]
[Black "Krisicova, Neli"]
[Result "1-0"]
[ECO "C49"]
[WhiteElo "1456"]
[BlackElo "1556"]
[Annotator "NA RC"]
[PlyCount "57"]
[EventDate "2024.03.10"]
[EventType "swiss"]
[EventCountry "CZE"]
[SourceTitle "playchess.com"]
[Source "ChessBase"]
[SourceQuality "1"]
[TimeControl "40/5400+30:1800+30"]

1. e4 e5 2. Nf3 Nc6 3. Nc3 Nf6 4. Bb5 Bb4 5. O-O O-O 6. d3 d6 7. Bg5 h6 8. Bh4 Bxc3 9. bxc3 Bg4 10. h3 Bh5 11. Qe2 Qe7 12. Qe3 Nd8 13. Bc4 Ne6 14. Bxe6 fxe6 15. Rab1 Qe8 16. Nd2 Nh7 17. Rxb7 g5 18. Bg3 c5 19. Rfb1 Qa4 20. R1b2 Nf6 21. Nc4 Qc6 22. h4 Ng4 23. Qd2 gxh4 24. Bxh4 Rf7 25. Rxf7 Bxf7 26. f3 d5 27. fxg4 dxc4 28. Qxh6 cxd3 29. Bf6 1-0

[Event "Czech Youth U14 Girls 2024"]
[Site "Kouty nad Desnou"]
[Date "2024.03.10"]
[Round "2.11"]
[White "Kavanova, Valentyna"]
[Black "Pruskova, Justyna"]
[Result "1-0"]
[ECO "C50"]
[WhiteElo "1539"]
[BlackElo "1471"]
[Annotator "NA RC"]
[PlyCount "117"]
[EventDate "2024.03.10"]
[EventType "swiss"]
[EventCountry "CZE"]
[SourceTitle "playchess.com"]
[Source "ChessBase"]
[SourceQuality "1"]
[TimeControl "40/5400+30:1800+30"]

1. e4 e5 2. Nf3 Nc6 3. Bc4 Bc5 4. d3 Nf6 5. Nc3 d6 6. O-O Be6 7. Nd5 Bxd5 8. exd5 Nd4 9. Nxd4 Bxd4 10. c3 Bb6 11. d4 exd4 12. Re1+ Kf8 13. cxd4 h6 14. b4 a6 15. a4 g6 16. a5 Ba7 17. Bb2 Kg7 18. Ra3 Re8 19. Rh3 Rxe1+ 20. Qxe1 Qe8 21. Qd2 h5 22. Kf1 Qe4 23. Re3 Qb1+ 24. Re1 Qf5 25. Re7 Ne4 26. Qe3 Nf6 27. Rxc7 Nxd5 28. Bxd5 Qxd5 29. h3 Qb5+ 30. Qe2 Qxe2+ 31. Kxe2 Rb8 32. Kd3 Kf8 33. Bc1 Ke8 34. Bg5 Kf8 35. Be7+ Kg7 36. Bxd6 Rd8 37. Be5+ Kf8 38. Rxb7 Ra8 39. f3 f5 40. g3 Ke8 41. Bc7 Kd7 42. Bb6+ Kc6 43. Rxa7 Rxa7 44. Bxa7 Kd5 45. Bc5 Kc6 46. Kc4 Kd7 47. b5 axb5+ 48. Kxb5 Kc7 49. d5 g5 50. d6+ Kd7 51. a6 Kc8 52. a7 Kb7 53. d7 Kc7 54. a8=Q Kxd7 55. Qc6+ Kd8 56. Qb7 f4 57. g4 h4 58. Bd6 Ke8 59. Qe7# 1-0

[Event "Czech Youth U14 Girls 2024"]
[Site "Kouty nad Desnou"]
[Date "2024.03.10"]
[Round "2.12"]
[White "Vaclavkova, Klara"]
[Black "Archlebova, Eva"]
[Result "0-1"]
[ECO "D37"]
[WhiteElo "1486"]
[BlackElo "1438"]
[Annotator "NA RC"]
[PlyCount "80"]
[EventDate "2024.03.10"]
[EventType "swiss"]
[EventCountry "CZE"]
[SourceTitle "playchess.com"]
[Source "ChessBase"]
[SourceQuality "1"]
[TimeControl "40/5400+30:1800+30"]

1. d4 d5 2. c4 e6 3. Nc3 Nf6 4. Nf3 Nc6 5. Bg5 Be7 6. e3 h6 7. Bh4 Ne4 8. Bxe7 Qxe7 9. cxd5 Nxc3 10. bxc3 exd5 11. Bd3 O-O 12. Rb1 a6 13. Bc2 g6 14. O-O b5 15. Re1 Qd6 16. e4 Be6 17. Bb3 Rfe8 18. Ne5 dxe4 19. Nxc6 Bxb3 20. Rxb3 Qxc6 21. Qd2 Kh7 22. Re3 Qd5 23. Rh3 g5 24. Qc2 Kg7 25. Rg3 c5 26. dxc5 Rad8 27. h4 Qxc5 28. hxg5 hxg5 29. Qc1 f6 30. Rb2 Rd3 31. Rxd3 exd3 32. Kf1 Qc4 33. Rd2 b4 34. Qb1 bxc3 35. Qb7+ Kg6 36. Qd7 Re2 37. Qxd3+ Qxd3 38. Rxd3 c2 39. Rc3 Rd2 40. Ke1 Rd1+ 0-1

[Event "Czech Youth U14 Girls 2024"]
[Site "Kouty nad Desnou"]
[Date "2024.03.10"]
[Round "2.13"]
[White "Spetlova, Stella"]
[Black "Sochorova, Valentyna"]
[Result "0-1"]
[ECO "A84"]
[WhiteElo "1405"]
[BlackElo "1485"]
[Annotator "NA RC"]
[PlyCount "76"]
[EventDate "2024.03.10"]
[EventType "swiss"]
[EventCountry "CZE"]
[SourceTitle "playchess.com"]
[Source "ChessBase"]
[SourceQuality "1"]
[TimeControl "40/5400+30:1800+30"]

1. d4 f5 2. c4 g6 3. Nc3 Nf6 4. Bg5 Bg7 5. h3 O-O 6. e3 d6 7. Nf3 Qe8 8. Qb3 e5 9. Bxf6 Rxf6 10. Nd5 Rf7 11. Ng5 Rd7 12. c5 Kh8 13. cxd6 cxd6 14. dxe5 dxe5 15. Rc1 Nc6 16. h4 Na5 17. Qb5 Qd8 18. Nc3 a6 19. Qe2 Rc7 20. Rd1 Qg8 21. Qd2 Be6 22. Qd6 Rc6 23. Qd2 Bf6 24. Nxe6 Qxe6 25. g3 Rd8 26. Qe2 Rcd6 27. Rxd6 Qxd6 28. Qc2 Qc6 29. Rg1 b5 30. a3 Nc4 31. Bxc4 Qxc4 32. Qe2 Qb3 33. Kf1 e4 34. Qe1 b4 35. axb4 Qxb2 36. Ne2 Rd2 37. Nf4 Bc3 38. Ne6 Qxb4 0-1

[Event "Czech Youth U14 Girls 2024"]
[Site "Kouty nad Desnou"]
[Date "2024.03.11"]
[Round "3.1"]
[White "Horkova, Tereza"]
[Black "Barteckova, Valerie"]
[Result "1-0"]
[ECO "C02"]
[WhiteElo "1845"]
[BlackElo "1687"]
[Annotator "NA RC"]
[PlyCount "79"]
[EventDate "2024.03.10"]
[EventType "swiss"]
[EventCountry "CZE"]
[SourceTitle "playchess.com"]
[Source "ChessBase"]
[SourceQuality "1"]
[TimeControl "40/5400+30:1800+30"]

1. e4 e6 2. d4 d5 3. e5 c5 4. c3 Nc6 5. Nf3 Bd7 6. Be2 Qb6 7. O-O cxd4 8. cxd4 Nge7 9. Na3 {[%emt 0:00:34] outshines the older 9.Nc3.} Nf5 10. Nc2 Be7 11. g3 {[%emt 0:02:35] C02: French: Advance Variation.} O-O 12. h4 $146 ({Predecessor:} 12. Bd3 f6 13. Bxf5 exf5 14. Ne3 Be6 15. Re1 fxe5 16. dxe5 Rad8 17. Ng2 d4 18. Nf4 Nb4 {1-0 Kiolbasa,O (2375)-Bayat,S (2092) Speed Chess (Women) Q1 blitz 2022 (3)}) 12... Rac8 13. Kg2 Nb4 14. Nxb4 Qxb4 15. a3 Qb6 16. g4 Nxh4+ 17. Nxh4 Bxh4 18. g5 $1 Rxc1 19. Rxc1 Bxg5 20. f4 Bh6 21. b4 Rc8 22. Rxc8+ Bxc8 {[%emt 0:00:05] [#]} 23. Qc2 (23. Qa4 $1 $18 Qd8 24. Qxa7) 23... Bd7 24. Qc5 Qxc5 25. bxc5 Kf8 26. Kf3 a6 27. Rb1 g5 28. Rxb7 Ke8 29. fxg5 Bxg5 30. Bxa6 $18 Kd8 31. Bb5 Bxb5 32. Rxb5 Kc8 33. a4 Bd8 34. a5 Bc7 35. a6 Bb8 36. Rb7 Bc7 37. c6 Bb8 38. a7 Bc7 39. a8=Q+ Bb8 40. Qxb8# 1-0

[Event "Czech Youth U14 Girls 2024"]
[Site "Kouty nad Desnou"]
[Date "2024.03.11"]
[Round "3.2"]
[White "Bartova, Hana"]
[Black "Slivova, Linda"]
[Result "1/2-1/2"]
[ECO "C29"]
[WhiteElo "1667"]
[BlackElo "1824"]
[Annotator "NA RC"]
[PlyCount "61"]
[EventDate "2024.03.10"]
[EventType "swiss"]
[EventCountry "CZE"]
[SourceTitle "playchess.com"]
[Source "ChessBase"]
[SourceQuality "1"]
[TimeControl "40/5400+30:1800+30"]

1. e4 e5 2. Nc3 Nf6 3. f4 d5 4. fxe5 Nxe4 5. Nf3 Nxc3 6. bxc3 Be7 {[%emt 0:02:01] C29: Vienna Game: 2...Nf6 3 f4.} 7. d4 c5 8. Be2 O-O 9. O-O Nc6 10. Qe1 Bf5 11. Bd3 Bxd3 12. cxd3 cxd4 13. cxd4 Qb6 14. Be3 Qa6 15. Qe2 Nb4 16. Rfd1 Rac8 17. Ne1 Rc3 18. Bd2 Rc6 19. Bxb4 Bxb4 20. Nf3 Rfc8 21. Rab1 Rc2 22. Qe3 {[%emt 0:00:10] [#]} Ba3 $15 (22... Be7 $1 $17 23. a4 h6 (23... Qxa4 24. e6 $15)) 23. Ra1 Bb2 24. Ne1 Bxa1 25. Nxc2 Rxc2 26. Rxa1 Rxa2 27. Rxa2 Qxa2 28. Qc1 h6 29. Qc8+ Kh7 30. Qf5+ Kg8 31. Qc8+ 1/2-1/2

[Event "Czech Youth U14 Girls 2024"]
[Site "Kouty nad Desnou"]
[Date "2024.03.11"]
[Round "3.3"]
[White "Kozusnikova, Daniela"]
[Black "Barteckova, Nikol"]
[Result "1-0"]
[ECO "D03"]
[WhiteElo "1809"]
[BlackElo "1612"]
[Annotator "NA RC"]
[PlyCount "111"]
[EventDate "2024.03.10"]
[EventType "swiss"]
[EventCountry "CZE"]
[SourceTitle "playchess.com"]
[Source "ChessBase"]
[SourceQuality "1"]
[TimeControl "40/5400+30:1800+30"]

1. d4 Nf6 2. Bg5 d5 3. Nf3 c5 4. e3 Nc6 5. c4 e6 (5... cxd4 $11 {might be stronger.} 6. exd4 h6) 6. Nc3 {[%emt 0:14:06] D03: 1 d4 d5 2 Nf3 Nf6 3 Bg5, including Torre Attack with early ...d5.} (6. cxd5 $14 Qa5+ 7. Nbd2 Nxd5 8. dxc5) 6... cxd4 7. Nxd4 Bb4 8. Qb3 Bxc3+ 9. Qxc3 Ne4 10. Bxd8 Nxc3 11. Bc7 Ne4 12. cxd5 Nxd4 13. exd4 exd5 14. f3 Nf6 15. Be5 O-O 16. Bxf6 gxf6 17. Bd3 Be6 18. Rc1 Rac8 19. Kf2 Rfe8 20. Rhe1 h6 21. Bb5 Red8 22. Bd3 Kf8 23. f4 Rxc1 24. Rxc1 Rc8 25. Rxc8+ Bxc8 26. Ke3 f5 27. Kf3 Kg7 28. h3 h5 29. Kg3 Kg6 30. Kh4 Kh6 31. Be2 Be6 32. Bxh5 f6 33. Bf3 Kg6 34. Kg3 Kh6 35. Kf2 Kg7 36. Ke3 Kf7 37. Kd3 Ke7 38. Kc3 a6 39. Kb4 Kd6 40. Bh5 Kc6 41. Bg6 b6 42. h4 Kd7 43. h5 Ke7 44. a4 Bd7 45. a5 bxa5+ 46. Kxa5 Bb5 47. Bxf5 Kf7 48. b3 Be2 49. Bg6+ Kg7 50. Kb6 Bd1 51. b4 Be2 52. Kc5 Bc4 53. Bf5 Kh6 54. g4 Kg7 55. Be6 Kh6 56. Bxd5 1-0

[Event "Czech Youth U14 Girls 2024"]
[Site "Kouty nad Desnou"]
[Date "2024.03.11"]
[Round "3.4"]
[White "Nova, Doubravka Anezka"]
[Black "Strazhnyk, Viktoriia"]
[Result "1-0"]
[ECO "B53"]
[WhiteElo "1718"]
[BlackElo "1570"]
[Annotator "NA RC"]
[PlyCount "113"]
[EventDate "2024.03.10"]
[EventType "swiss"]
[EventCountry "CZE"]
[SourceTitle "playchess.com"]
[Source "ChessBase"]
[SourceQuality "1"]
[TimeControl "40/5400+30:1800+30"]

1. e4 c5 2. Nf3 d6 3. d4 cxd4 4. Qxd4 Nc6 5. Bb5 Bd7 6. Bxc6 Bxc6 7. Nc3 Nf6 8. Bg5 e6 9. O-O-O Be7 10. Kb1 Qc7 11. Rhe1 O-O 12. Nd2 b5 13. f4 Rfd8 14. Qe3 h6 15. Bxf6 Bxf6 16. g4 g5 17. Qh3 Kh7 18. Nf3 Rg8 19. fxg5 Bxg5 20. Qg3 e5 21. Nxg5+ Rxg5 22. h4 Rg7 23. Nd5 Bxd5 24. Rxd5 Rag8 25. Qf3 Rxg4 26. Qf5+ Kh8 27. Red1 Qe7 28. a3 Rf4 29. Qh3 Rxh4 30. Qd3 Qb7 31. Rxd6 Qxe4 32. Rxh6+ Kg7 33. Rxh4 Qxh4 34. Qxb5 Qe7 35. Qd5 Re8 36. Rg1+ Kf8 37. c4 e4 38. Qd4 f6 39. Qd5 Qe6 40. Qxe6 Rxe6 41. Rf1 Ke7 42. Kc2 Kd6 43. Rf5 Ke7 44. Kd2 Rb6 45. b4 Rd6+ 46. Ke3 Rd3+ 47. Kxe4 Rxa3 48. Kd5 a5 49. b5 a4 50. Kc5 Rb3 51. Rf2 a3 52. Ra2 Kd7 53. b6 f5 54. Rd2+ Kc8 55. Kc6 Rb2 56. Rd3 Rb4 57. c5 1-0

[Event "Czech Youth U14 Girls 2024"]
[Site "Kouty nad Desnou"]
[Date "2024.03.11"]
[Round "3.5"]
[White "Sochorova, Valentyna"]
[Black "Kammova, Katerina"]
[Result "0-1"]
[ECO "B12"]
[WhiteElo "1485"]
[BlackElo "1781"]
[Annotator "NA RC"]
[PlyCount "68"]
[EventDate "2024.03.10"]
[EventType "swiss"]
[EventCountry "CZE"]
[SourceTitle "playchess.com"]
[Source "ChessBase"]
[SourceQuality "1"]
[TimeControl "40/5400+30:1800+30"]

1. e4 c6 2. d4 d5 3. f3 e6 4. Nc3 Nf6 5. Qd3 b6 6. Nge2 Be7 7. Bf4 a5 8. O-O-O Ba6 9. Qe3 b5 10. h4 Nbd7 11. e5 Ng8 12. Bg5 Nb6 13. g4 Nc4 14. Qf4 h6 15. Bxe7 Qxe7 16. Bh3 Qb4 17. Rdg1 Qxb2+ 18. Kd1 b4 19. Na4 Qxa2 20. Nc5 Bb5 21. Qc1 a4 22. Nf4 b3 23. cxb3 axb3 24. Nfd3 b2 25. Nxb2 Nxb2+ 26. Kd2 Ne7 27. Ke3 Ng6 28. Rg2 Ra3+ 29. Kf2 Nd3+ 30. Kg3 Nxc1 31. Rxa2 Nxa2 32. Ra1 O-O 33. Bf1 Bxf1 34. Rxf1 Rb8 0-1

[Event "Czech Youth U14 Girls 2024"]
[Site "Kouty nad Desnou"]
[Date "2024.03.11"]
[Round "3.6"]
[White "Hladka, Leontyna"]
[Black "Nguyen Nhat, Minh Thu"]
[Result "0-1"]
[ECO "B90"]
[WhiteElo "1683"]
[BlackElo "1563"]
[Annotator "NA RC"]
[PlyCount "56"]
[EventDate "2024.03.10"]
[EventType "swiss"]
[EventCountry "CZE"]
[SourceTitle "playchess.com"]
[Source "ChessBase"]
[SourceQuality "1"]
[TimeControl "40/5400+30:1800+30"]

1. e4 c5 2. Nf3 d6 3. d4 cxd4 4. Nxd4 Nf6 5. Nc3 a6 6. f3 e6 7. Be3 Be7 8. Qd2 Nc6 9. Nxc6 bxc6 10. O-O-O d5 11. Qf2 Bb4 12. Nb1 Qc7 13. a3 Bd6 14. Qh4 Be7 15. Qg5 Kf8 16. Bd4 h6 17. Qe3 Nd7 18. Qf2 Bg5+ 19. Be3 Be7 20. Nd2 c5 21. exd5 exd5 22. g3 Bf6 23. Bf4 Qb6 24. b4 g5 25. Be3 d4 26. bxc5 Qxc5 27. Nb3 Qxa3+ 28. Kb1 dxe3 0-1

[Event "Czech Youth U14 Girls 2024"]
[Site "Kouty nad Desnou"]
[Date "2024.03.11"]
[Round "3.7"]
[White "Archlebova, Iva"]
[Black "Kubatova, Beta"]
[Result "0-1"]
[ECO "B10"]
[WhiteElo "1488"]
[BlackElo "1666"]
[Annotator "NA RC"]
[PlyCount "142"]
[EventDate "2024.03.10"]
[EventType "swiss"]
[EventCountry "CZE"]
[SourceTitle "playchess.com"]
[Source "ChessBase"]
[SourceQuality "1"]
[TimeControl "40/5400+30:1800+30"]

1. e4 c6 2. Nf3 d5 3. exd5 cxd5 4. d4 Nc6 5. Nc3 Bg4 6. Be2 Nf6 7. Bf4 a6 8. O-O e6 9. a3 Bd6 10. Bg5 O-O 11. Re1 Be7 12. Nh4 Bxe2 13. Rxe2 Qb6 14. Na4 Qxd4 15. Qxd4 Nxd4 16. Rd2 Nc6 17. Nf3 h6 18. Bh4 g5 19. Bg3 Ne4 20. Rd3 Nxg3 21. hxg3 b5 22. Nc3 Bf6 23. Rb1 Rfd8 24. Ne2 Rac8 25. c3 e5 26. Rd2 Rc7 27. Rbd1 Rcd7 28. g4 Na5 29. Rc2 Nb3 30. Nc1 Nc5 31. Re2 e4 32. Nd4 Bxd4 33. cxd4 Ne6 34. g3 Rc7 35. Nb3 Rdc8 36. Red2 Kg7 37. Kg2 Kg6 38. Re1 Rc2 39. Ree2 R2c7 40. f3 exf3+ 41. Kxf3 Rd7 42. Re5 Rd6 43. Rf5 f6 44. Rf2 Ng7 45. Ke3 Nxf5+ 46. gxf5+ Kf7 47. Nc5 Re8+ 48. Kd3 Rb6 49. Rh2 Rh8 50. g4 a5 51. b4 axb4 52. axb4 Rbb8 53. Ra2 Ra8 54. Na6 Ra7 55. Ra5 Rha8 56. Rxb5 Rxa6 57. Rb7+ Kg8 58. b5 Rd6 59. Kc3 Rad8 60. Kb4 R8d7 61. Rb8+ Kg7 62. Kc5 Rd8 63. Rb7+ R6d7 64. Rb6 Rc7+ 65. Kb4 Rc4+ 66. Kb3 Rxd4 67. Rb7+ Kg8 68. b6 Rxg4 69. Rc7 Rc4 70. Ra7 Rb8 71. b7 Rc7 0-1

[Event "Czech Youth U14 Girls 2024"]
[Site "Kouty nad Desnou"]
[Date "2024.03.11"]
[Round "3.8"]
[White "Archlebova, Eva"]
[Black "Bouchalova, Kveta"]
[Result "0-1"]
[ECO "C50"]
[WhiteElo "1438"]
[BlackElo "1627"]
[Annotator "NA RC"]
[PlyCount "103"]
[EventDate "2024.03.10"]
[EventType "swiss"]
[EventCountry "CZE"]
[SourceTitle "playchess.com"]
[Source "ChessBase"]
[SourceQuality "1"]
[TimeControl "40/5400+30:1800+30"]

1. e4 e5 2. Nf3 Nc6 3. Bc4 Nf6 4. d3 Bc5 5. Nc3 O-O 6. Bg5 h6 7. Bh4 Be7 8. Bg3 d6 9. d4 exd4 10. Nxd4 Nxd4 11. Qxd4 Nh5 12. O-O-O Nxg3 13. hxg3 Bf6 14. Qd3 a6 15. Kb1 b5 16. Bd5 Rb8 17. b4 Bd7 18. Qe3 Qe7 19. a3 Rfc8 20. f4 c5 21. Na2 cxb4 22. axb4 Be6 23. c3 Qc7 24. Bxe6 fxe6 25. Rc1 Ra8 26. Rhe1 Qc4 27. Qe2 Kf7 28. Qxc4 Rxc4 29. e5 dxe5 30. fxe5 Bd8 31. Rcd1 Ke7 32. Rf1 Bc7 33. Rde1 Rf8 34. Rf3 Rf5 35. Rxf5 exf5 36. Kc2 Rg4 37. Re3 Ke6 38. Nc1 Bb6 39. Re1 Rxg3 40. Re2 a5 41. Nd3 axb4 42. cxb4 Rg4 43. Nc5+ Bxc5 44. bxc5 Rc4+ 45. Kb3 Rxc5 46. Kb4 Rxe5 47. Rxe5+ Kxe5 48. Kxb5 Kf4 49. Kc4 Kg3 50. Kd3 Kxg2 51. Ke3 Kg3 52. Kd4 0-1

[Event "Czech Youth U14 Girls 2024"]
[Site "Kouty nad Desnou"]
[Date "2024.03.11"]
[Round "3.9"]
[White "Mojzisova, Barbora"]
[Black "Kavanova, Valentyna"]
[Result "1-0"]
[ECO "B35"]
[WhiteElo "1623"]
[BlackElo "1539"]
[Annotator "NA RC"]
[PlyCount "123"]
[EventDate "2024.03.10"]
[EventType "swiss"]
[EventCountry "CZE"]
[SourceTitle "playchess.com"]
[Source "ChessBase"]
[SourceQuality "1"]
[TimeControl "40/5400+30:1800+30"]

1. e4 c5 2. Nf3 Nc6 3. d4 cxd4 4. Nxd4 Nf6 5. Nc3 g6 6. Bc4 Bg7 7. Be3 O-O 8. Qd2 Ng4 9. Nb3 d6 10. f3 Nxe3 11. Qxe3 Ne5 12. Be2 Bd7 13. O-O Nc6 14. Kh1 Rc8 15. a3 Re8 16. Rab1 e6 17. Nb5 Qe7 18. Qd2 d5 19. exd5 exd5 20. Rfe1 Be5 21. f4 Bb8 22. Bf3 Qf6 23. Nc5 Bf5 24. Nxb7 Rxe1+ 25. Rxe1 Qxb2 26. Qxd5 Bxf4 27. N7d6 Bxd6 28. Nxd6 Rc7 29. Nxf5 gxf5 30. Qxf5 Ne7 31. Qg5+ Kh8 32. Rd1 Ng8 33. Qe3 Rxc2 34. Qxa7 Rc1 35. Qxf7 Qxa3 36. Qd5 Qa1 37. Qd2 Rxd1+ 38. Qxd1 Qxd1+ 39. Bxd1 Kg7 40. g3 Nf6 41. Bf3 Kg6 42. Kg2 Kg5 43. h3 h5 44. h4+ Kf5 45. Kf2 Ne4+ 46. Kg2 Nf6 47. Kh3 Ng4 48. Bxg4+ hxg4+ 49. Kg2 Ke5 50. Kf2 Kf5 51. Ke3 Ke5 52. Kd3 Kd5 53. Kc3 Ke4 54. Kc4 Kf3 55. h5 Kxg3 56. h6 Kf2 57. h7 g3 58. h8=Q g2 59. Qf6+ Kg1 60. Kd3 Kh2 61. Qh4+ Kg1 62. Ke3 1-0

[Event "Czech Youth U14 Girls 2024"]
[Site "Kouty nad Desnou"]
[Date "2024.03.11"]
[Round "3.10"]
[White "Kubatova, Ema"]
[Black "Peskova, Sara"]
[Result "1/2-1/2"]
[ECO "D08"]
[WhiteElo "1580"]
[BlackElo "1481"]
[Annotator "NA RC"]
[PlyCount "74"]
[EventDate "2024.03.10"]
[EventType "swiss"]
[EventCountry "CZE"]
[SourceTitle "playchess.com"]
[Source "ChessBase"]
[SourceQuality "1"]
[TimeControl "40/5400+30:1800+30"]

1. d4 d5 2. c4 e5 3. dxe5 d4 4. Nf3 Nc6 5. a3 a5 6. e3 Bc5 7. exd4 Bxd4 8. Nxd4 Qxd4 9. Qxd4 Nxd4 10. Kd1 Bg4+ 11. f3 O-O-O 12. Nd2 Nxf3 13. Be2 Nxe5 14. Bxg4+ Nxg4 15. Kc2 N8f6 16. Kb1 Rhe8 17. Nf3 Re2 18. Rg1 Nf2 19. Re1 Rxe1 20. Nxe1 Rd1 21. Nf3 h6 22. Kc2 Rd7 23. Bd2 b6 24. Bc3 N2e4 25. Re1 Nxc3 26. Kxc3 Nh5 27. Nd4 g6 28. Nc6 Kb7 29. Ne5 Re7 30. Nd3 Rxe1 31. Nxe1 Kc6 32. Nd3 f6 33. g4 Ng7 34. Nf4 g5 35. Nd5 Kd6 36. Nxf6 Ke6 37. Nd5 Kd6 1/2-1/2

[Event "Czech Youth U14 Girls 2024"]
[Site "Kouty nad Desnou"]
[Date "2024.03.11"]
[Round "3.11"]
[White "Kratka, Tereza"]
[Black "Myronova, Sofia"]
[Result "1-0"]
[ECO "A05"]
[WhiteElo "1477"]
[BlackElo "1456"]
[Annotator "NA RC"]
[PlyCount "87"]
[EventDate "2024.03.10"]
[EventType "swiss"]
[EventCountry "CZE"]
[SourceTitle "playchess.com"]
[Source "ChessBase"]
[SourceQuality "1"]
[TimeControl "40/5400+30:1800+30"]

1. Nf3 Nf6 2. c4 c5 3. g3 Nc6 4. Bg2 e6 5. O-O Be7 6. d3 O-O 7. Nc3 d6 8. Bf4 Bd7 9. a3 a5 10. Nd2 Rb8 11. Nde4 Nd4 12. Nxd6 Qb6 13. Nde4 Rbd8 14. Nxf6+ Bxf6 15. Rb1 Bc6 16. Re1 Rfe8 17. Na4 Bxa4 18. Qxa4 e5 19. Bd2 Ra8 20. Qd1 Nb3 21. h4 h6 22. Bc3 a4 23. Bd5 Ra7 24. e4 g6 25. Qf3 Rf8 26. Kg2 Kg7 27. h5 Qd8 28. Rh1 b6 29. Qd1 g5 30. Bc6 Nd4 31. Bxa4 Qd6 32. Bxd4 exd4 33. Bb5 Be7 34. Re1 Qe5 35. Bc6 Bd6 36. Bd5 Qe7 37. Qg4 Qe5 38. f4 Qe7 39. e5 Bb8 40. Rf1 f6 41. exf6+ Rxf6 42. fxg5 Rxf1 43. gxh6+ Kf8 44. Qg8# 1-0

[Event "Czech Youth U14 Girls 2024"]
[Site "Kouty nad Desnou"]
[Date "2024.03.11"]
[Round "3.12"]
[White "Krisicova, Neli"]
[Black "Pruskova, Justyna"]
[Result "1-0"]
[ECO "C55"]
[WhiteElo "1556"]
[BlackElo "1471"]
[Annotator "NA RC"]
[PlyCount "69"]
[EventDate "2024.03.10"]
[EventType "swiss"]
[EventCountry "CZE"]
[SourceTitle "playchess.com"]
[Source "ChessBase"]
[SourceQuality "1"]
[TimeControl "40/5400+30:1800+30"]

1. e4 e5 2. Nf3 Nc6 3. d4 exd4 4. Bc4 Nf6 5. e5 d5 6. Bb5 Ne4 7. O-O Bg4 8. h3 Bh5 9. Nbd2 Be7 10. Re1 Nxd2 11. Bxd2 O-O 12. Qe2 Re8 13. Rad1 Bf6 14. Bxc6 Rxe5 15. Qd3 Rxe1+ 16. Rxe1 bxc6 17. Nxd4 Bxd4 18. Qxd4 Qd7 19. Qh4 Bg6 20. Re7 Qf5 21. Rxc7 Qxc2 22. Bc3 h6 23. Qd4 f6 24. Rxc6 Qe4 25. Qc5 Qf5 26. Rd6 Bf7 27. Qb5 Re8 28. Ra6 Bh5 29. Rxa7 Re2 30. Qb8+ Kh7 31. Qg3 Bg6 32. Qh4 Qc2 33. Qxf6 Qc1+ 34. Kh2 Qg5 35. Qxg7# 1-0

[Event "Czech Youth U14 Girls 2024"]
[Site "Kouty nad Desnou"]
[Date "2024.03.11"]
[Round "3.14"]
[White "Martinkovicova, Nela"]
[Black "Spetlova, Stella"]
[Result "1/2-1/2"]
[ECO "B10"]
[WhiteElo "1476"]
[BlackElo "1405"]
[Annotator "NA RC"]
[PlyCount "84"]
[EventDate "2024.03.10"]
[EventType "swiss"]
[EventCountry "CZE"]
[SourceTitle "playchess.com"]
[Source "ChessBase"]
[SourceQuality "1"]
[TimeControl "40/5400+30:1800+30"]

1. e4 c6 2. Nc3 d5 3. exd5 cxd5 4. d4 Bf5 5. Bd3 Bxd3 6. Qxd3 Nc6 7. Nf3 e6 8. O-O a6 9. Bf4 Bd6 10. Bg3 Nf6 11. Rfe1 h6 12. Re2 O-O 13. Bh4 Be7 14. Ne5 Nxe5 15. Rxe5 Nd7 16. Bxe7 Nxe5 17. dxe5 Qxe7 18. f4 Qc5+ 19. Kh1 Qc4 20. Qd2 Qb4 21. Qc1 Rac8 22. a3 Qb6 23. Qd2 f6 24. exf6 Rxf6 25. Nd1 Rcf8 26. g3 Rc8 27. c3 Rcf8 28. Nf2 g5 29. Ng4 Rg6 30. Ne5 Rg7 31. fxg5 hxg5 32. Rb1 Qd6 33. Nc4 Qc7 34. Ne3 Qc6 35. Kg1 Qc5 36. Kh1 Rgf7 37. Qe2 Qc6 38. Kg1 Qb6 39. Kh1 Rf2 40. Qd3 R2f7 41. Kg2 Qc6 42. Kg1 Qb6 1/2-1/2

[Event "Czech Youth U14 Girls 2024"]
[Site "Kouty nad Desnou"]
[Date "2024.03.11"]
[Round "4.1"]
[White "Kozusnikova, Daniela"]
[Black "Horkova, Tereza"]
[Result "1-0"]
[ECO "D02"]
[WhiteElo "1809"]
[BlackElo "1845"]
[Annotator "NA RC"]
[PlyCount "77"]
[EventDate "2024.03.10"]
[EventType "swiss"]
[EventCountry "CZE"]
[SourceTitle "playchess.com"]
[Source "ChessBase"]
[SourceQuality "1"]
[TimeControl "40/5400+30:1800+30"]

1. d4 d5 2. Nf3 c6 3. Bg5 Nf6 4. Bxf6 exf6 5. Nbd2 Bd6 6. e3 {[%emt 0:00:39] D03: Damenbauernspiele.} O-O 7. Be2 Re8 8. O-O f5 9. Bd3 g5 10. Nb3 g4 11. Nfd2 Qh4 12. g3 Qg5 13. Re1 h5 14. c3 Kg7 15. Qc2 h4 16. Kg2 (16. f4 $1 $11 Qh5 17. gxh4) 16... Be6 (16... Rh8 $142 17. c4 Be6) 17. Nc1 Nd7 18. Ne2 Rh8 19. Nf4 Rh6 20. Kf1 hxg3 21. hxg3 Nf6 22. Ke2 Ne4 23. Rh1 Rah8 24. Rxh6 Rxh6 25. Rf1 Rh2 26. Ke1 Qh6 27. Bxe4 fxe4 28. Rg1 Rh1 29. Nxe6+ fxe6 30. Rxh1 Qxh1+ 31. Nf1 $11 Qf3 32. Qa4 a6 33. Qa5 Qf7 34. Qd8 Kg6 35. Qxd6 a5 36. Qf4 Qxf4 37. gxf4 Kh5 38. Nd2 a4 39. Kf1 1-0

[Event "Czech Youth U14 Girls 2024"]
[Site "Kouty nad Desnou"]
[Date "2024.03.11"]
[Round "4.2"]
[White "Slivova, Linda"]
[Black "Kammova, Katerina"]
[Result "1/2-1/2"]
[ECO "A45"]
[WhiteElo "1824"]
[BlackElo "1781"]
[Annotator "NA RC"]
[PlyCount "72"]
[EventDate "2024.03.10"]
[EventType "swiss"]
[EventCountry "CZE"]
[SourceTitle "playchess.com"]
[Source "ChessBase"]
[SourceQuality "1"]
[TimeControl "40/5400+30:1800+30"]

1. d4 Nf6 2. e3 e6 3. Bd3 d5 4. f4 b6 5. Nf3 c6 6. Nbd2 {[%emt 0:04:41] D00: 1 d4 d5: Unusual lines.} Ba6 7. Bxa6 Nxa6 8. Ne5 Rc8 9. O-O Be7 10. b3 O-O 11. Bb2 Nb8 12. Qf3 Nbd7 13. e4 dxe4 14. Nxe4 Nxe4 15. Qxe4 Nf6 16. Qf3 Qd5 17. c4 Qxf3 18. Rxf3 c5 19. dxc5 Bxc5+ 20. Kf1 Rfd8 21. Rd3 Rxd3 22. Nxd3 Bf8 23. Ke2 Rd8 24. Ne5 Ne4 25. Rd1 Rxd1 26. Kxd1 Nc5 27. Kc2 Bd6 28. Bc1 Kf8 29. Nd3 Ke8 30. Be3 Nxd3 31. Kxd3 $11 Kd7 32. Kc3 g6 33. h3 f6 34. b4 Kc6 35. a3 a6 36. Kd3 b5 1/2-1/2

[Event "Czech Youth U14 Girls 2024"]
[Site "Kouty nad Desnou"]
[Date "2024.03.11"]
[Round "4.3"]
[White "Barteckova, Valerie"]
[Black "Bartova, Hana"]
[Result "0-1"]
[ECO "A03"]
[WhiteElo "1687"]
[BlackElo "1667"]
[Annotator "NA RC"]
[PlyCount "70"]
[EventDate "2024.03.10"]
[EventType "swiss"]
[EventCountry "CZE"]
[SourceTitle "playchess.com"]
[Source "ChessBase"]
[SourceQuality "1"]
[TimeControl "40/5400+30:1800+30"]

1. f4 d5 2. g3 c5 3. Nf3 Nc6 4. Bg2 g6 5. O-O Bg7 6. d3 Nf6 7. Qe1 O-O 8. e4 dxe4 9. dxe4 Nd4 10. Na3 Nxf3+ 11. Bxf3 Bh3 12. Rf2 Ng4 13. Rd2 Qc7 14. c3 Rad8 15. Nc4 b5 16. Ne3 Nxe3 17. Qxe3 Bc8 18. Qe2 Qb6 19. Rxd8 Rxd8 20. Be3 Bb7 21. Qf2 Rc8 22. Rd1 b4 23. c4 b3 24. a3 Qe6 25. Bxc5 Qxc4 26. Bxe7 Bxe4 27. Be2 Qc7 28. Bd6 Qc2 29. Be5 Bxe5 30. fxe5 Qxb2 31. Qe3 Qxe5 32. Qxb3 Bc2 33. Qb7 Rb8 34. Rd5 Qe3+ 35. Kf1 Rxb7 0-1